[Event "*** Biggest EVER Titled Tuesday"]
[Site "Chess.com"]
[Date "2018.04.17"]
[Round "6"]
[White "xavielhumilde_1999"]
[Black "Annawel"]
[Result "0-1"]
[WhiteElo "2234"]
[BlackElo "2860"]
[TimeControl "180+2"]
[EndTime "14:28:25 PDT"]
[Termination "Annawel won by resignation"]

1. e4 c6 2. d4 d5 3. e5 Bf5 4.
Nf3 e6 5. Be2 h6 6. O-O Ne7 7.
Nbd2 Nd7 8. Nb3 g5 9. Ne1 Bg7 10. Nd3 O-O 11. f4 f6 12. g3 Ng6 13. Be3 Qe7 14. a4 fxe5 15. fxe5 a5 16. Qd2 b6 17. Rae1 Rf7 18. Bh5 Kh7 19. Qe2 Raf8 20. Qd2 Bh3 21. Rxf7 Qxf7 22. Nf2 Bf5 23. g4 Be4 24. Nxe4 dxe4 25. Qg2 Qf3 26. Qxf3 exf3 27. Bxg6+ Kxg6 28. Nd2 h5 29. h3 hxg4 30. hxg4 c5 31. c3 cxd4 32. cxd4 Rc8 33. Nxf3 Rc2 34. Nxg5 Nf8 35.
Ne4 Rxb2 36. Rc1 Re2 37. Rc3 Ra2 38. Rb3 Nd7 39. Ng5 Nf8 40. Ne4 Nd7 41. Ng5 Nf8 42.
Ne4 Rxa4 43. Rxb6 Ra2 44. d5 Bxe5 45. dxe6 Bh2+ 46. Kh1 Re2 47. e7+ Kf7 48. exf8=Q+ Kxf8 49. Bc5+ Kg7 50. Nf2 Be5 51. Kg2 Rc2 52. Be3 a4 53.
Ra6 Rc3 54. Nd1 Rd3 55. Rxa4 Rxd1 56. Re4 Bd6 57. Bd4+ Kf7 58. Be3 Be7 59. Rf4+ Kg6 60. Rf1 Rd3 61. Bf2 Bd6 62. Re1 Kg5 63. Re4 Bf4 64.
Re8 Kxg4 65. Rg8+ Kf5 66. Rf8+ Kg4 67. Rg8+ Bg5 68. Kf1 Rb3 69. Ke2 Kf4 70. Rf8+ Ke5 71. Re8+ Kd5 72. Rg8 Bf6 73. Be3 Be5 74. Rd8+ Ke4 75.
Bd2 Rh3 76. Ra8 Rh2+ 77. Kd1 Kd3 78. Ra3+ Kc4 79. Ra4+ Kd5 80. Ra5+ Ke4 81. Ra4+ Bd4 82. Ra8 Rg2 83. Ra4 Rg3 84. Ra8 Rb3 85. Ra4 Kd3 86. Ra8 Bf6 87. Bc1 Bc3 88. Ra6 Bb4 89. Ra8 Bc5 90. Rd8+ Bd4 91. Ra8 Rb7 92. Ra3+ Bc3 93. Ra8 Rg7 94. Rd8+ Kc4 95. Rc8+ Kb3 96. Rb8+ Bb4 97.
Rh8 Rg1+ 98. Ke2 Re1+ 99. Kf2 Rxc1 100. Rh3+ Kc4 101. Rh4+ Kc3 102. Rh3+ Kd2 103. Rh8 Bc5+ 104. Kf3 Bd4 105. Rd8 Kd3 106. Rd7 Rf1+ 107. Kg2 Rf2+ 108. Kh3 Ke4 109. Re7+ Be5 110. Kg4 Rg2+ 111. Kh5 Kf5 0-1

[Event "*** Biggest EVER Titled Tuesday"]
[Site "Chess.com"]
[Date "2018.04.17"]
[Round "6"]
[White "BlackBoarder"]
[Black "BergenChessAcademy"]
[Result "1/2-1/2"]
[WhiteElo "2231"]
[BlackElo "2200"]
[TimeControl "180+2"]
[EndTime "14:29:16 PDT"]
[Termination "Game drawn by repetition"]

1. e4 c6 2. Nf3 d5 3. Nc3 a6 4. d4 dxe4 5. Nxe4 Bf5 6. Ng3 Bg4 7.
Be2 Nf6 8. h3 Bc8 9. O-O g6 10.
c4 Bg7 11. Be3 O-O 12. Qb3 b5 13. Rfd1 Qc7 14. Rac1 Qb7 15. Ne5 Be6 16. Bf3 Nfd7 17. Nxd7 Bxd7 18. cxb5 axb5 19. Ne4 Be6 20. Qc2 Na6 21. Nc5 Nxc5 22. Qxc5 Rxa2 23. Bxc6 Qc7 24. d5 Bf5 25. Bxb5 Qxc5 26. Bxc5 Bxb2 27. Rc4 Bf6 28. Re1 Bd3 29. Rb4 Bc3 30. Bxd3 Bxe1 31. Re4 Ra1 32. Bxe7 Bb4+ 33. Kh2 Bxe7 34. Rxe7 Rd1 35. Be4 f5 36. Bf3 Rf7 37. Re8+ Kg7 38. Ra8 Rd7 39. h4 Kf6 40.
Ra6+ Kg7 41. g3 Rd3 42. Kg2 Rf7 43. Ra2 Rc7 44. Re2 Rd7 45. Rc2 Kf6 46. Re2 Rd6 47.
Rc2 Rd7 48. Re2 Ra7 49. Re6+ Kf7 50. Re2 Raa3 51. Re3 Rxe3 52. fxe3 Rxe3 53. Kf2 Ra3 54. Bg2 Kf6 55. Bf3 Ke5 56. Bg2 Ra2+ 57. Kg1 Rxg2+ 58. Kxg2 Kxd5 59. Kf3 Ke5 60. Ke3 h6 61. Kf3 g5 62.
hxg5 hxg5 63. Ke3 Kd5 64. Kd3 Kc5 65. Kc3 Kd5 66. Kd3 Ke5 67. Ke3 Kf6 68. Kd4 Ke6 69. Kc4 Ke5 70. Kd3 Kd5 71. Ke3 Kc4 72. Kf3 Kd4 73.
Ke2 Ke4 74. Kf2 Kd3 75. Kf3 Kd2 76. Kf2 Kd3 77. Kf3 Kd4 78. Kf2 Ke4 79. Ke2 Kd4 80. Kd2 Ke5 81. Ke3 Kf6 82. Kd3 Kg6 83. Ke3 Kf6 84.
Kd3 Ke6 85. Ke2 Kd6 86. Kd2 Kc6 87. Kc2 Kb6 88. Kd3 Kc6 89. Kc4 Kd6 90. Kd4 Ke6 91.
Kc4 Ke5 92. Kd3 f4 93. Ke2 Ke4 94. gxf4 Kxf4 95. Kf2 Kg4 96. Kg2 Kf4 97. Kf2 Kg4 98. Kg2 Kh4 99. Kh2 Kg4 100. Kg2 Kf4 101. Kf2 g4 102.
Kg2 Kf5 103. Kg3 Kg5 104. Kg2 Kf4 105. Kf2 Ke4 106. Kg3 Kf5 107. Kg2 Kg5 108. Kg3 Kh5 109. Kg2 Kh4 110. Kh2 Kg5 111. Kg3 Kf5 112. Kg2 Kf6 113. Kg3 Kf5 114. Kg2 Kf4 115. Kf2 g3+ 116. Kg2 Kg4 117. Kg1 Kf3 118. Kf1 Kf4 119. Kg2 Kg4 120. Kg1 Kh3 121. Kh1 Kh4 122. Kg2 Kg4 123. Kg1 Kf4 124. Kg2 Kg4 125. Kg1 Kf3 126. Kf1 Ke4 127. Kg2 Kf4 128. Kg1 Kf3 129. Kf1 1/2-1/2

[Event "*** Biggest EVER Titled Tuesday"]
[Site "Chess.com"]
[Date "2018.04.17"]
[Round "7"]
[White "nikitakhoroshev"]
[Black "mukhin1"]
[Result "1/2-1/2"]
[WhiteElo "2528"]
[BlackElo "2902"]
[TimeControl "180+2"]
[EndTime "14:31:46 PDT"]
[Termination "Game drawn by agreement"]

1. d4 e6 2. Nc3 Bb4 3. Bd2 d5 4. e3 Nf6 5. Nf3 O-O 6. Bd3 c5 7. O-O Nc6 8. a3 Bxc3 9. Bxc3 c4 10. Be2 Ne4 11. Qe1 Bd7 12. a4 Qc7 13. b3 cxb3 14.
cxb3 Qb6 15. Rb1 Rac8 16. Bd2 a6 1/2-1/2

[Event "*** Biggest EVER Titled Tuesday"]
[Site "Chess.com"]
[Date "2018.04.17"]
[Round "7"]
[White "KenanGarayev"]
[Black "wonderfultime"]
[Result "0-1"]
[WhiteElo "2562"]
[BlackElo "2796"]
[TimeControl "180+2"]
[EndTime "14:31:59 PDT"]
[Termination "wonderfultime won by resignation"]

1. d4 d5 2. c4 c6 3. Nc3 Nf6 4.
e3 a6 5. Qc2 g6 6. Nf3 Bf5 7. Bd3 Bxd3 8. Qxd3 Bg7 9. O-O O-O 10.
e4 dxe4 11. Nxe4 Nbd7 12. Bg5 Re8 13. Rad1 Qc7 14. Nxf6+ Nxf6 15. Qc2 Rad8 16. Rfe1 Qa5 17. b3 Rd7 18. Ne5 Rxd4 19. Nd3 Qxg5 0-1

[Event "*** Biggest EVER Titled Tuesday"]
[Site "Chess.com"]
[Date "2018.04.17"]
[Round "7"]
[White "MateusViageiro"]
[Black "PchelkinVK"]
[Result "1/2-1/2"]
[WhiteElo "2220"]
[BlackElo "2422"]
[TimeControl "180+2"]
[EndTime "14:32:08 PDT"]
[Termination "Game drawn by agreement"]

1. e4 e6 2. d4 d5 3. Nd2 c5 4.
Ngf3 cxd4 5. exd5 Qxd5 6. Bc4 Qd6 7. O-O Nf6 8. Nb3 Nc6 9. Nbxd4 Nxd4 10. Qxd4 Qxd4 11.
Nxd4 Bd7 12. Bg5 Rc8 13. Bb3 Bc5 14. Rad1 1/2-1/2

[Event "*** Biggest EVER Titled Tuesday"]
[Site "Chess.com"]
[Date "2018.04.17"]
[Round "7"]
[White "nihalsarin"]
[Black "Arash_Tahbaz"]
[Result "1-0"]
[WhiteElo "2741"]
[BlackElo "2559"]
[TimeControl "180+2"]
[EndTime "14:32:53 PDT"]
[Termination "nihalsarin won by resignation"]

1. d4 Nf6 2. Nf3 e6 3. Bf4 b6 4.
e3 c5 5. Nbd2 Bb7 6. Nc4 d5 7.
Nce5 a6 8. Ng5 h6 9. Ngxf7 Qc8 10. Nxh8 g5 11. Bg3 cxd4 12. exd4 Bb4+ 13. c3 Bxc3+ 14.
bxc3 Qxc3+ 15. Ke2 a5 16. f3 Qb2+ 17. Ke3 Na6 18. Qb3 Qxa1 19. Bb5+ 1-0

[Event "*** Biggest EVER Titled Tuesday"]
[Site "Chess.com"]
[Date "2018.04.17"]
[Round "7"]
[White "SloLev"]
[Black "lupta_robin"]
[Result "1-0"]
[WhiteElo "2388"]
[BlackElo "2422"]
[TimeControl "180+2"]
[EndTime "14:33:02 PDT"]
[Termination "SloLev won by resignation"]

1. e4 c5 2. c3 Nf6 3. e5 Nd5 4. d4 cxd4 5. Nf3 Nc6 6. cxd4 d6 7. Bc4 Nb6 8. Bb5 dxe5 9. Nxe5 Bd7 10. Nxd7 Qxd7 11.
O-O e6 12. Be3 Be7 13. Qg4 O-O 14. Nc3 Nd5 15. Bh6 Bf6 16. Rad1 Kh8 17. Be3 a6 18. Bc4 Rac8 19. Bxd5 Ne7 20. Be4 Nf5 21. Bxf5 exf5 22. Qf3 g6 23. Nd5 Bg7 24. Nb6 1-0

[Event "*** Biggest EVER Titled Tuesday"]
[Site "Chess.com"]
[Date "2018.04.17"]
[Round "7"]
[White "calemcc"]
[Black "josephymwale33"]
[Result "1-0"]
[WhiteElo "2251"]
[BlackElo "2157"]
[TimeControl "180+2"]
[EndTime "14:33:16 PDT"]
[Termination "calemcc won by resignation"]

1. d4 Nf6 2. c4 g6 3. f3 d5 4. cxd5 Nxd5 5. e4 Nb6 6. Nc3 Bg7 7. Be3 O-O 8. Qd2 c6 9. O-O-O N8d7 10. h4 e5 11. d5 cxd5 12. exd5 Nf6 13. Bh6 Bf5 14. g4 Bd7 15. h5 Qc7 16. hxg6 fxg6 17. Bxg7 Kxg7 18.
Qh6+ Kg8 19. d6 Qd8 20. g5 Nh5 21. Rxh5 gxh5 22. g6 hxg6 23. Qxg6+ Kh8 24. Bd3 Bf5 25. Bxf5 Rxf5 26. Qxf5 1-0

[Event "*** Biggest EVER Titled Tuesday"]
[Site "Chess.com"]
[Date "2018.04.17"]
[Round "7"]
[White "Saitama_Hero"]
[Black "peteseeger"]
[Result "1-0"]
[WhiteElo "2158"]
[BlackElo "2091"]
[TimeControl "180+2"]
[EndTime "14:33:19 PDT"]
[Termination "Saitama_Hero won by resignation"]

1. d4 g6 2. e4 Bg7 3. Nc3 c6 4. h4 d5 5. h5 dxe4 6. Nxe4 Qxd4 7. Qe2 Nd7 8. Nf3 Qb4+ 9. c3 Qb6 10. Bg5 Ngf6 11. h6 1-0

[Event "*** Biggest EVER Titled Tuesday"]
[Site "Chess.com"]
[Date "2018.04.17"]
[Round "7"]
[White "Generalas"]
[Black "Blitzking4444"]
[Result "1-0"]
[WhiteElo "2188"]
[BlackElo "1980"]
[TimeControl "180+2"]
[EndTime "14:33:40 PDT"]
[Termination "Generalas won by resignation"]

1. e4 e6 2. d4 d5 3. exd5 e5 4. dxe5 c6 5. Bc4 Bc5 6. Nf3 b5 7. Bb3 a5 8. a4 Qb6 9. O-O Nh6 10.
Nc3 Bf5 11. dxc6 Ng4 12. Qe2 Nxc6 13. axb5 Nb4 14. Nd5 Nxd5 15. Bxd5 Rd8 16. Bc6+ Ke7 17. Bg5+ Ke6 18. Bxd8 Rxd8 19. h3 Ne3 20. fxe3 Bxe3+ 21.
Kh1 Rd4 22. Qxe3 1-0

[Event "*** Biggest EVER Titled Tuesday"]
[Site "Chess.com"]
[Date "2018.04.17"]
[Round "7"]
[White "AlexZambrano"]
[Black "EndgameGrinder"]
[Result "0-1"]
[WhiteElo "2343"]
[BlackElo "2481"]
[TimeControl "180+2"]
[EndTime "14:33:50 PDT"]
[Termination "EndgameGrinder won by resignation"]

1. e4 c5 2. Nf3 e6 3. d4 cxd4 4. Nxd4 Nc6 5. Nxc6 bxc6 6. Bd3 Nf6 7. O-O d5 8. exd5 cxd5 9. Nc3 Be7 10. Bf4 O-O 11.
h3 Qb6 12. Rb1 Ba6 13. Be5 Rfc8 14. Bd4 Qc6 15. Qe2 Bxd3 16. Qxd3 Qc4 17. Rfd1 Qxd3 18. Rxd3 Rc4 19. b3 Rc6 20. Re1 a6 21. Rg3 Kf8 22. Re2 Rac8 23. Kh2 Bd6 0-1

[Event "*** Biggest EVER Titled Tuesday"]
[Site "Chess.com"]
[Date "2018.04.17"]
[Round "7"]
[White "chegueps"]
[Black "Vusatiuk_Vladimir"]
[Result "1-0"]
[WhiteElo "2280"]
[BlackElo "2192"]
[TimeControl "180+2"]
[EndTime "14:34:11 PDT"]
[Termination "chegueps won on time"]

1. e4 c5 2. Nf3 d6 3. Bb5+ Nd7 4.
O-O Nf6 5. Re1 a6 6. Bxd7+ Bxd7 7. c3 Bc6 8. e5 dxe5 9. Nxe5 Qc7 10. d4 e6 11. Bf4 Qb6 12. Nd2 cxd4 13. Ndc4 Qd8 14. Nxc6 bxc6 15. Qa4 Qd7 16. Nb6 1-0

[Event "*** Biggest EVER Titled Tuesday"]
[Site "Chess.com"]
[Date "2018.04.17"]
[Round "7"]
[White "rekosheten"]
[Black "ChessMavenYeti"]
[Result "0-1"]
[WhiteElo "2261"]
[BlackElo "2109"]
[TimeControl "180+2"]
[EndTime "14:34:14 PDT"]
[Termination "ChessMavenYeti won by resignation"]

1. e4 e5 2. Nf3 Nf6 3. Nxe5 d6 4. Nc4 Nxe4 5. Nc3 Nxc3 6. bxc3 d5 7. Ne3 Be7 8. d4 O-O 9. Bd3 c6 10. Qh5 g6 11. Qh6 Bg5 12. Ng4 Re8+ 13. Kf1 Bxh6 14. Nxh6+ Kg7 15. h4 Nd7 16. Bg5 f6 17. Bf4 Qa5 18. Bd2 Nf8 19. h5 Bd7 20. hxg6 hxg6 21. g3 Re7 22. Kg2 Rae8 23. Rh4 f5 24. Rah1 Qxa2 25. Bg5 Re1 26. Nxf5+ Bxf5 27. Rh7+ Nxh7 0-1

[Event "*** Biggest EVER Titled Tuesday"]
[Site "Chess.com"]
[Date "2018.04.17"]
[Round "7"]
[White "WinnerOleg"]
[Black "ENEASZ"]
[Result "0-1"]
[WhiteElo "2309"]
[BlackElo "2477"]
[TimeControl "180+2"]
[EndTime "14:34:41 PDT"]
[Termination "ENEASZ won by resignation"]

1. b3 Nf6 2. Bb2 g6 3. e3 Bg7 4.
Nf3 O-O 5. c4 c5 6. d4 cxd4 7.
Nxd4 d5 8. cxd5 Nxd5 9. Bc4 Nb6 10. Be2 Bd7 11. O-O Nc6 12. Nxc6 Bxc6 13. Bxg7 Kxg7 14. Nd2 Qd6 15. Nc4 Nxc4 16. Bxc4 Rfd8 17. Qc2 Qe5 18. Rad1 Rac8 19. Rxd8 Rxd8 20. Rd1 Qe4 21. Qc3+ e5 22. f3 Rxd1+ 23. Kf2 Qf5 0-1

[Event "*** Biggest EVER Titled Tuesday"]
[Site "Chess.com"]
[Date "2018.04.17"]
[Round "7"]
[White "Gr3egor"]
[Black "pedromartinez91"]
[Result "1-0"]
[WhiteElo "2341"]
[BlackElo "2389"]
[TimeControl "180+2"]
[EndTime "14:34:59 PDT"]
[Termination "Gr3egor won by resignation"]

1. d4 Nf6 2. c4 g6 3. Nc3 Bg7 4. e4 O-O 5. Bd3 c6 6. Nge2 d5 7. e5 Ne8 8. cxd5 cxd5 9. O-O Nc6 10. Bg5 f6 11. exf6 exf6 12. Bh4 Na5 13. Nf4 Nc7 14. Bg3 Nc6 15. Rc1 Nxd4 16. Bxg6 hxg6 17. Nxg6 Nf5 18. Nxf8 Bxf8 19. Bxc7 Qxc7 20. Nxd5 Qg7 21. Rc7 Qg6 22. Qd3 Be6 23. Ne3 Nh4 24. Qxg6+ Nxg6 25. Rxb7 Bxa2 26.
Ra1 Bf7 27. Raxa7 Rxa7 28. Rxa7 Bc5 29. Ra6 Kg7 30. Nf5+ Kf8 31. Rxf6 Ne5 32. Kf1 Kg8 33. f4 Bc4+ 34. Ke1 Nd3+ 35. Kd1 Nxb2+ 36. Kc2 Na4 37.
g4 Bd5 38. g5 Nb6 39. Kd3 Na4 40. h4 Nb2+ 41. Kc3 Nd1+ 42. Kc2 Nf2 43. Nh6+ Kg7 44.
h5 1-0

[Event "*** Biggest EVER Titled Tuesday"]
[Site "Chess.com"]
[Date "2018.04.17"]
[Round "7"]
[White "PrinceMurad09"]
[Black "DiogenesSinopeus"]
[Result "0-1"]
[WhiteElo "2342"]
[BlackElo "2419"]
[TimeControl "180+2"]
[EndTime "14:35:08 PDT"]
[Termination "DiogenesSinopeus won by resignation"]

1. e4 e5 2. Nf3 Nc6 3. Bc4 Nf6 4.
d3 Bc5 5. O-O a6 6. c3 Ba7 7. b4 O-O 8. a4 d6 9. Bg5 h6 10. Bh4 g5 11. Bg3 Bg4 12. h3 Bh5 13. Nbd2 Ne7 14. Qc2 Ng6 15. d4 Qe7 16. b5 axb5 17.
axb5 Bb6 18. Bd3 Kh8 19. Ne1 Rxa1 20. Nb3 Raa8 21. Bc4 Nf4 22. f3 Bg6 23. Bf2 h5 24.
Qd2 Kg7 25. Be3 h4 26. Nc2 N6h5 27. Nb4 Ng3 28. Re1 f6 29. Bf2 Bf7 30. Nd5 Bxd5 31. exd5 Qd7 32. Nc1 exd4 33. cxd4 Ba5 0-1

[Event "*** Biggest EVER Titled Tuesday"]
[Site "Chess.com"]
[Date "2018.04.17"]
[Round "7"]
[White "GoingKronos"]
[Black "Sebastian"]
[Result "0-1"]
[WhiteElo "2395"]
[BlackElo "2764"]
[TimeControl "180+2"]
[EndTime "14:35:18 PDT"]
[Termination "Sebastian won by resignation"]

1. d4 Nf6 2. c4 g6 3. g3 c5 4.
Nf3 Bg7 5. Bg2 Qa5+ 6. Nc3 Nc6 7. d5 Ne4 8. O-O Nxc3 9. bxc3 Nb8 10. d6 e6 11. Ng5 Nc6 12. Bxc6 bxc6 13. Be3 f5 14. h4 Ba6 15. h5 Bxc4 16. hxg6 hxg6 17. Kg2 Bd5+ 18.
f3 Qxc3 19. Rc1 Qxe3 20. Rh1 Qxg5 21. Qxd5 cxd5 22. Rxh8+ 0-1

[Event "*** Biggest EVER Titled Tuesday"]
[Site "Chess.com"]
[Date "2018.04.17"]
[Round "7"]
[White "AnonymousBread"]
[Black "Th3ChessViking"]
[Result "1-0"]
[WhiteElo "2404"]
[BlackElo "2382"]
[TimeControl "180+2"]
[EndTime "14:35:29 PDT"]
[Termination "AnonymousBread won on time"]

1. d4 Nf6 2. Bf4 e6 3. Nc3 d5 4.
e3 a6 5. Bd3 c5 6. dxc5 Bxc5 7.
Nf3 Nc6 8. O-O O-O 9. e4 dxe4 10.
Nxe4 Be7 11. c3 b5 12. Qe2 Bb7 13. Rad1 Qb6 14. Rfe1 Nxe4 15. Bxe4 Rfd8 16. Bg5 Rxd1 17. Rxd1 Bf8 18. Rd7 h6 19. Bf4 Rc8 20. Be3 1-0

[Event "*** Biggest EVER Titled Tuesday"]
[Site "Chess.com"]
[Date "2018.04.17"]
[Round "7"]
[White "Kriari"]
[Black "colemman"]
[Result "1-0"]
[WhiteElo "2751"]
[BlackElo "2517"]
[TimeControl "180+2"]
[EndTime "14:35:33 PDT"]
[Termination "Kriari won by checkmate"]

1. e4 c5 2. Nf3 e6 3. d4 cxd4 4. Nxd4 Nf6 5. Nc3 Nc6 6. Be3 Bb4 7. Nxc6 bxc6 8. Bd3 d5 9. Bd2 O-O 10. O-O Bxc3 11. Bxc3 Nxe4 12. Bxe4 dxe4 13. Qg4 f6 14. Qxe4 Qd5 15. Qe3 e5 16. f4 exf4 17. Rxf4 c5 18. Qg3 Kh8 19. Raf1 Qf7 20. Qg5 h6 21. Rxf6 gxf6 22.
Rxf6 hxg5 23. Rh6+ Kg8 24. Rh8# 1-0

[Event "*** Biggest EVER Titled Tuesday"]
[Site "Chess.com"]
[Date "2018.04.17"]
[Round "7"]
[White "Marcin"]
[Black "albi1999"]
[Result "1-0"]
[WhiteElo "2303"]
[BlackElo "2382"]
[TimeControl "180+2"]
[EndTime "14:35:34 PDT"]
[Termination "Marcin won by resignation"]

1. d4 d5 2. c4 e6 3. Nf3 Nf6 4. g3 Bb4+ 5. Bd2 Bd6 6. Nc3 O-O 7. b3 Nbd7 8. Bg2 c6 9. O-O dxc4 10. bxc4 e5 11. e3 Re8 12. Qc2 Qe7 13. Rfe1 e4 14. Ng5 Nf8 15. Ngxe4 Nxe4 16. Bxe4 Ng6 17. Bg2 h5 18. e4 h4 19. e5 Bb4 20. Rab1 a5 21. Qc1 hxg3 22. hxg3 Bf5 23. Ne4 Rad8 24. Bg5 Qc7 25.
Bxd8 Rxd8 26. Rxb4 axb4 27. Nd6 Rxd6 28. exd6 Qxd6 29.
Re8+ Kh7 30. Qe3 Be6 31. Qg5 Nf8 32. Rd8 1-0

[Event "*** Biggest EVER Titled Tuesday"]
[Site "Chess.com"]
[Date "2018.04.17"]
[Round "7"]
[White "FairChess_on_YouTube"]
[Black "Zaven_ChessMood"]
[Result "1/2-1/2"]
[WhiteElo "2896"]
[BlackElo "2870"]
[TimeControl "180+2"]
[EndTime "14:35:48 PDT"]
[Termination "Game drawn by agreement"]

1. d4 Nf6 2. Bg5 d5 3. Nd2 c6 4. e3 Bf5 5. c4 e6 6. Ngf3 Nbd7 7. Be2 Bd6 8. Qb3 Rb8 9. O-O h6 10. Bh4 g5 11. Bg3 Bxg3 12. fxg3 Qe7 13. Rae1 O-O 14. Bd3 Bxd3 15. Qxd3 Rbd8 16. h3 e5 17. Qf5 e4 18.
Nxg5 Kh8 19. Rf4 Rg8 20. Rh4 Rg6 21. cxd5 cxd5 22. Rc1 Kg7 23. Nxf7 Qxf7 24. Rc7 Rg5 25. Qf4 Qe6 26. Rxb7 Rc8 27. Nb3 Kg6 1/2-1/2

[Event "*** Biggest EVER Titled Tuesday"]
[Site "Chess.com"]
[Date "2018.04.17"]
[Round "7"]
[White "Winehouse83"]
[Black "BIG_Pirate"]
[Result "0-1"]
[WhiteElo "2329"]
[BlackElo "2274"]
[TimeControl "180+2"]
[EndTime "14:35:48 PDT"]
[Termination "BIG_Pirate won by checkmate"]

1. e4 d5 2. exd5 Qxd5 3. Nc3 Qa5 4. d4 Nf6 5. Nf3 Bg4 6. h3 Bh5 7. g4 Bg6 8. Ne5 e6 9. Bd2 Qb6 10. Bg2 Nbd7 11. Nxd7 Nxd7 12. d5 O-O-O 13. O-O h5 14. a4 hxg4 15. hxg4 Qd6 16. f4 Qb6+ 17. Rf2 Bc5 18. Be1 a5 19. Nb5 Nf6 20. d6 Be4 21. Qe2 Bxg2 22. Kxg2 Bxf2 23. dxc7 Qc6+ 24. Qf3 Rh2+ 25.
Kxh2 Qxf3 26. Bxa5 Qg3+ 27. Kh1 Qh3# 0-1

[Event "*** Biggest EVER Titled Tuesday"]
[Site "Chess.com"]
[Date "2018.04.17"]
[Round "7"]
[White "Blackmind96"]
[Black "Kislov_Oleg"]
[Result "1-0"]
[WhiteElo "2530"]
[BlackElo "2258"]
[TimeControl "180+2"]
[EndTime "14:35:51 PDT"]
[Termination "Blackmind96 won by resignation"]

1. d4 d5 2. c4 dxc4 3. e3 Nf6 4.
Bxc4 e6 5. Nf3 c5 6. O-O a6 7. a4 Nc6 8. Qe2 cxd4 9. Rd1 Be7 10. exd4 O-O 11. Nc3 Nb4 12. Ne5 Qa5 13. Bg5 Rd8 14.
Re1 Nfd5 15. Bxe7 Nxe7 16. Nxf7 Rf8 17. Nd6 Nbd5 18. Bxd5 Nxd5 19. Nxc8 Nxc3 20. Qxe6+ Kh8 21. Nd6 Qd5 22. bxc3 1-0

[Event "*** Biggest EVER Titled Tuesday"]
[Site "Chess.com"]
[Date "2018.04.17"]
[Round "7"]
[White "RojonR"]
[Black "chesssharkattack"]
[Result "1-0"]
[WhiteElo "2409"]
[BlackElo "2370"]
[TimeControl "180+2"]
[EndTime "14:35:51 PDT"]
[Termination "RojonR won by resignation"]

1. e4 e5 2. Nf3 Nf6 3. d4 Nxe4 4.
dxe5 d5 5. Nbd2 Be7 6. Bd3 Nc5 7.
Be2 Nc6 8. O-O O-O 9. Nb3 Ne4 10. c4 dxc4 11. Bxc4 Qxd1 12. Rxd1 Bg4 13. Bd5 Ng5 14. Bxc6 bxc6 15. Bxg5 Bxg5 16. Nxg5 Bxd1 17. Rxd1 Rad8 18. Rc1 Rfe8 19. Nf3 f6 20. exf6 Re2 21. fxg7 Rxb2 22. h4 Rxa2 23. Nbd4 Rd7 24. Nf5 Ra5 25. N3d4 Rad5 26.
Re1 Kf7 27. Re8 1-0

[Event "*** Biggest EVER Titled Tuesday"]
[Site "Chess.com"]
[Date "2018.04.17"]
[Round "7"]
[White "Infernal_XaM"]
[Black "severomorskij"]
[Result "0-1"]
[WhiteElo "2728"]
[BlackElo "2697"]
[TimeControl "180+2"]
[EndTime "14:35:56 PDT"]
[Termination "severomorskij won by resignation"]

1. e4 c5 2. Nf3 Nc6 3. Bb5 e6 4. Bxc6 bxc6 5. O-O Ne7 6. Re1 Ng6 7. c3 d5 8. d4 dxe4 9. Rxe4 Be7 10. Qc2 cxd4 11.
cxd4 O-O 12. Re1 Bb7 13. Be3 c5 14. dxc5 Bxf3 15. gxf3 Rc8 16. Nd2 Bxc5 17. Qb3 Rb8 18. Qc3 Bb4 19. Qc2 Rc8 20. Qe4 Bxd2 21. Red1 Qf6 22.
Rxd2 Ne5 23. Bf4 Nxf3+ 24. Qxf3 Rc4 25. Rad1 Rxf4 26. Qb7 h6 27. b3 a5 28. Rc2 Qg6+ 0-1

[Event "*** Biggest EVER Titled Tuesday"]
[Site "Chess.com"]
[Date "2018.04.17"]
[Round "7"]
[White "ehrenfeld"]
[Black "Wraku89"]
[Result "1-0"]
[WhiteElo "2488"]
[BlackElo "2588"]
[TimeControl "180+2"]
[EndTime "14:35:56 PDT"]
[Termination "ehrenfeld won by resignation"]

1. e4 c5 2. Nf3 e6 3. b3 Nc6 4.
Bb2 d5 5. exd5 exd5 6. Bb5 Be6 7. O-O Nf6 8. d4 Bd6 9. dxc5 Bxc5 10. Nd4 Qb6 11.
Nxe6 fxe6 12. Bxc6+ Qxc6 13. Nd2 O-O 14. Qe2 Rae8 15. c4 d4 16. Rae1 e5 17. Ne4 Bb4 18.
Nxf6+ gxf6 19. Rd1 Kh8 20. f4 exf4 21. Qf2 Bc3 22.
Bxc3 dxc3 23. Rd3 Re3 24. Rxe3 fxe3 25. Qxe3 c2 26. Qc3 Qe4 27. Rc1 Rd8 28. Qxf6+ 1-0

[Event "*** Biggest EVER Titled Tuesday"]
[Site "Chess.com"]
[Date "2018.04.17"]
[Round "7"]
[White "Manukyan_Artak"]
[Black "Fins0905"]
[Result "0-1"]
[WhiteElo "2352"]
[BlackElo "2521"]
[TimeControl "180+2"]
[EndTime "14:35:56 PDT"]
[Termination "Fins0905 won by resignation"]

1. e4 d5 2. exd5 Qxd5 3. Nc3 Qd8 4. d4 Nf6 5. Bc4 a6 6. a3 e6 7. Nf3 b5 8. Ba2 Bb7 9. O-O c5 10. dxc5 Qxd1 11. Rxd1 Bxc5 12. Bf4 Nbd7 13. Ne5 Nxe5 14. Bxe5 Bxf2+ 15. Kf1 Bc5 16. b4 Bb6 17. a4 Ng4 18. Bf4 g5 19. Bd2 Nxh2+ 20. Ke2 Bxg2 21. Rg1 Bf3+ 22.
Kd3 O-O-O+ 0-1

[Event "*** Biggest EVER Titled Tuesday"]
[Site "Chess.com"]
[Date "2018.04.17"]
[Round "7"]
[White "SenseiJulio"]
[Black "ArnaudovP"]
[Result "1-0"]
[WhiteElo "2632"]
[BlackElo "2480"]
[TimeControl "180+2"]
[EndTime "14:35:58 PDT"]
[Termination "SenseiJulio won by resignation"]

1. Nf3 Nf6 2. c4 e6 3. g3 c5 4.
Bg2 Nc6 5. O-O Be7 6. b3 O-O 7. Bb2 d5 8. e3 d4 9. exd4 cxd4 10. Re1 Ne8 11. a3 f6 12. b4 e5 13. d3 Nc7 14.
Nbd2 a5 15. b5 Nb8 16. Nh4 Ne6 17. Bd5 Kh8 18. f4 Nc7 19. Qh5 Nxd5 20. cxd5 Kg8 21. fxe5 Qxd5 22. Nc4 Bc5 23. Qf3 Qxf3 24. Nxf3 Bf5 25.
Bxd4 Bxd4+ 26. Nxd4 fxe5 27. Nxf5 Rxf5 28. Nb6 Ra7 29. Rac1 Rf8 30. Rf1 Rd8 31. a4 Nd7 32. Nxd7 b6 33. Nxb6 1-0

[Event "*** Biggest EVER Titled Tuesday"]
[Site "Chess.com"]
[Date "2018.04.17"]
[Round "7"]
[White "Alexander_Moskalenko"]
[Black "Tesla37"]
[Result "1-0"]
[WhiteElo "2730"]
[BlackElo "2611"]
[TimeControl "180+2"]
[EndTime "14:36:00 PDT"]
[Termination "Alexander_Moskalenko won by resignation"]

1. e4 c5 2. Nf3 e6 3. d4 cxd4 4. Nxd4 Nc6 5. Nc3 a6 6. g3 d6 7. Bg2 Bd7 8. O-O Be7 9. a4 Nf6 10. b3 O-O 11. Bb2 Qc7 12. Nce2 d5 13. exd5 exd5 14.
Nxc6 bxc6 15. Nf4 Rfe8 16. Qd3 Ne4 17. Nh5 Bf8 18. Qd4 f6 19. Bxe4 Rxe4 20. Nxf6+ gxf6 21. Qxf6 Qd6 22. Qh8+ Kf7 23. Qxh7+ Ke8 24. Rfe1 Rxe1+ 25. Rxe1+ Kd8 26. Bd4 c5 27. Be5 Qh6 28. Qf7 Rc8 29.
Qxd5 Be7 30. Rd1 1-0

[Event "*** Biggest EVER Titled Tuesday"]
[Site "Chess.com"]
[Date "2018.04.17"]
[Round "7"]
[White "itisabigworld"]
[Black "Kozok"]
[Result "1-0"]
[WhiteElo "2273"]
[BlackElo "2206"]
[TimeControl "180+2"]
[EndTime "14:36:04 PDT"]
[Termination "itisabigworld won on time"]

1. e4 c5 2. Nf3 d6 3. Bb5+ Nc6 4. O-O Nf6 5. Re1 Bd7 6. c3 a6 7. Bd3 Bg4 8. h3 Bxf3 9. gxf3 g5 10. Bf1 h5 11. d4 g4 12. fxg4 hxg4 13. hxg4 Qd7 14. f3 O-O-O 15. dxc5 Bh6 16. Bxh6 Rxh6 17.
cxd6 Qe6 18. Nd2 Qe5 19. Re2 Rdh8 20. Kf2 Nxg4+ 21. fxg4 Rh2+ 22. Ke3 Qc5+ 23. Kd3 Nb4+ 24. cxb4 R8h3+ 25. Bxh3 Rxh3+ 26. Nf3 Rxf3+ 27. Kd2 Qxb4+ 28. Kc1 Kd7 29. a3 Qc5+ 30. Rc2 Qe3+ 31. Kb1 exd6 32. e5 Rg3 33. Qxd6+ 1-0